[Event "Titled Tuesday Blitz February 21 Early 2023"]
[White "Real_OceanStorm"]
[Black "Lauridsen, Jesper Morch"]
[BlackFideId "1401890"]
[WhiteElo "2781"]
[BlackElo "2309"]
[Result "1-0"]
[Round "03"]
[TimeControl "180+2"]
[Date "2023.02.21"]
[WhiteClock "0:00:30"]
[BlackClock "0:00:09"]

1. e4 c5 2. d4 cxd4 3. Qxd4 Nc6 4. Qe3 g6 5. Nc3 Bg7 6. Nf3 d6 7. Bc4 Nf6 8. h3 O-O 9. O-O Bd7 10. Rd1 Rc8 11. a3 Na5 12. Ba2 Rxc3 13. bxc3 b6 14. Rb1 Qc7 15. e5 dxe5 16. Qxe5 Qb7 17. Qxa5 Bxh3 18. Qa4 Bd7 19. Qf4 Nh5 20. Qd2 Bc6 21. Qe2 e6 22. Bb2 Nf4 23. Qe3 Bh6 24. Kh1 Kg7 25. Rd6 Nxg2 26. c4+ f6 27. Qxe6 Bxf3 28. Bxf6+ Rxf6 29. Qxf6+ Kg8 30. Rd8+ Bf8 31. Rxf8# 1-0


[Site "https://www.chess.com"]

[Event "Titled Tuesday Blitz February 21 Early 2023"]
[White "Silva, Pedro Gil Ferreira Da"]
[Black "Paravyan, David"]
[WhiteFideId "1946102"]
[BlackFideId "4194985"]
[WhiteElo "2227"]
[BlackElo "2601"]
[Result "0-1"]
[Round "03"]
[TimeControl "180+2"]
[Date "2023.02.21"]
[WhiteClock "0:01:42"]
[BlackClock "0:02:30"]

1. Nf3 Nf6 2. c4 c5 3. g3 d5 4. cxd5 Nxd5 5. Bg2 Nc6 6. O-O e5 7. Nc3 Be6 8. d3 Be7 9. Bd2 O-O 10. Nxd5 Bxd5 11. Bc3 Qd6 12. Rc1 b5 13. a4 a6 14. Be1 Rfc8 15. Nd2 Bxg2 16. Kxg2 Qd5+ 17. Kg1 Nd4 18. e3 Ne6 19. Qc2 Rd8 20. axb5 axb5 21. Ne4 Qxd3 22. Qxd3 Rxd3 23. Bc3 b4 24. Bxe5 f5 0-1


[Site "https://www.chess.com"]

[Event "Titled Tuesday Blitz February 21 Early 2023"]
[White "Hakobyan, Aram"]
[Black "Budisavljevic, Luka"]
[WhiteFideId "13306677"]
[BlackFideId "960047"]
[WhiteElo "2608"]
[BlackElo "2488"]
[Result "1-0"]
[Round "03"]
[TimeControl "180+2"]
[Date "2023.02.21"]
[WhiteClock "0:01:19"]
[BlackClock "0:00:10"]

1. e4 e6 2. d4 d5 3. Nc3 Nc6 4. Nf3 Nf6 5. Bd3 Nb4 6. e5 Nxd3+ 7. Qxd3 Ng8 8. O-O h6 9. Ne2 b6 10. Ng3 a5 11. Re1 Ne7 12. b3 Nc6 13. c3 Qd7 14. h4 Ba6 15. Qc2 a4 16. h5 Na5 17. Be3 Be7 18. Nh2 Qb5 19. b4 Nc4 20. Bf4 a3 21. Ng4 Bb7 22. Bc1 Qa4 23. Qe2 c5 24. bxc5 bxc5 25. Ne3 Ba6 26. Qg4 Kf8 27. Rb1 Nxe3 28. Bxe3 cxd4 29. Bxd4 Bc4 30. Ra1 Rb8 31. f4 Kg8 32. f5 Kh7 33. fxe6 fxe6 34. Qg6+ Kg8 35. Qxe6+ Kf8 36. Nf5 Rb7 37. Qc8+ 1-0


[Site "https://www.chess.com"]

[Event "Titled Tuesday Blitz February 21 Early 2023"]
[White "Navara, David"]
[Black "Skvortsov, Andrei"]
[WhiteFideId "309095"]
[BlackFideId "24108600"]
[WhiteElo "2678"]
[BlackElo "2313"]
[Result "0-1"]
[Round "03"]
[TimeControl "180+2"]
[Date "2023.02.21"]
[WhiteClock "0:00:01"]
[BlackClock "0:00:04"]

1. c4 Nf6 2. Nf3 e6 3. Nc3 d5 4. e3 c5 5. cxd5 Nxd5 6. Nxd5 exd5 7. b4 cxb4 8. Bb2 Nd7 9. Rc1 Nb6 10. Ne5 Bd6 11. Bb5+ Kf8 12. Qh5 Be6 13. O-O Kg8 14. f4 f6 15. f5 Bxe5 16. fxe6 g6 17. Bxe5 gxh5 18. Bxf6 Qd6 19. e7 h6 20. e8=Q+ Rxe8 21. Bxe8 Rh7 22. Rf3 Rc7 23. Rcf1 h4 24. Bxh4 Rg7 25. Bf6 Rg4 26. Bh5 Rg5 27. Bxg5 hxg5 28. Rf5 Qe7 29. Rf7 Qd6 30. Rxb7 d4 31. Bf7+ Kh8 32. Bb3 dxe3 33. dxe3 Qc5 34. Kh1 g4 35. h4 gxh3 36. Rf3 hxg2+ 37. Kxg2 Qc6 38. Rxa7 Nc8 0-1


[Site "https://www.chess.com"]

[Event "Titled Tuesday Blitz February 21 Early 2023"]
[White "Kovalenko, Igor"]
[Black "Sharapov, Evgeny"]
[WhiteFideId "14117908"]
[BlackFideId "14103133"]
[WhiteElo "2674"]
[BlackElo "2375"]
[Result "1-0"]
[Round "03"]
[TimeControl "180+2"]
[Date "2023.02.21"]
[WhiteClock "0:01:15"]
[BlackClock "0:00:59"]

1. c4 c5 2. g3 Nc6 3. Bg2 g6 4. Nc3 Bg7 5. a3 a5 6. d3 e5 7. e3 Nge7 8. Nge2 O-O 9. Rb1 Rb8 10. O-O d6 11. Bd2 Be6 12. Nd5 b5 13. b3 b4 14. axb4 Nxb4 15. Bxb4 axb4 16. Qd2 Nxd5 17. Bxd5 Bxd5 18. cxd5 Ra8 19. e4 f5 20. Kg2 f4 21. f3 h5 22. Ng1 Bh6 23. Ra1 Kh7 24. Qf2 fxg3 25. hxg3 Qg5 26. Nh3 Qe3 27. Qxe3 Bxe3 28. f4 exf4 29. gxf4 Bd4 30. Rxa8 Rxa8 31. Ng5+ Kg8 32. Kf3 Ra2 33. Ne6 Rb2 34. e5 dxe5 35. d6 exf4 36. Nxd4 Rd2 37. Ke4 Kf7 38. Rxf4+ Ke8 39. Nb5 g5 40. Rf5 h4 41. Rxg5 h3 42. Rh5 h2 43. Rh7 1-0


[Site "https://www.chess.com"]

[Event "Titled Tuesday Blitz February 21 Early 2023"]
[White "Anton Guijarro, David"]
[Black "Yurovskykh, Oleksandr"]
[WhiteFideId "2285525"]
[BlackFideId "14134020"]
[WhiteElo "2690"]
[BlackElo "2328"]
[Result "1-0"]
[Round "03"]
[TimeControl "180+2"]
[Date "2023.02.21"]
[WhiteClock "0:00:32"]
[BlackClock "0:00:11"]

1. e4 d5 2. exd5 Qxd5 3. Nc3 Qd8 4. d4 Nf6 5. Bc4 a6 6. Nf3 b5 7. Bb3 c5 8. dxc5 Qxd1+ 9. Nxd1 e6 10. Be3 Nfd7 11. a4 b4 12. c3 Bxc5 13. O-O O-O 14. cxb4 Bxb4 15. Rc1 a5 16. Nc3 Ba6 17. Nb5 Bxb5 18. axb5 Nf6 19. Ne5 Nbd7 20. Nc6 Nd5 21. Bxd5 exd5 22. Rfd1 Nf6 23. b6 Bd6 24. Bc5 Bxc5 25. Rxc5 Ra6 26. Rb5 Nd7 27. Ne7+ Kh8 28. b7 g6 29. Rbxd5 Nb8 30. Rd8 1-0


[Site "https://www.chess.com"]

[Event "Titled Tuesday Blitz February 21 Early 2023"]
[White "Timofeev, Artyom"]
[Black "Martinez Ramirez, Lennis"]
[WhiteFideId "4140419"]
[BlackFideId "3509079"]
[WhiteElo "2567"]
[BlackElo "2426"]
[Result "1-0"]
[Round "03"]
[TimeControl "180+2"]
[Date "2023.02.21"]
[WhiteClock "0:00:03"]
[BlackClock "0:00:02"]

1. e4 c5 2. Nf3 d6 3. d4 cxd4 4. Nxd4 Nf6 5. Nc3 a6 6. Be3 e5 7. Nf3 Be7 8. Bc4 Be6 9. Qd3 O-O 10. O-O Nc6 11. a3 Rc8 12. Ba2 Na5 13. Nd5 Bxd5 14. Bxd5 Nxd5 15. Qxd5 Rxc2 16. b3 b5 17. Rfc1 Qc7 18. h4 Rc8 19. a4 Qb7 20. Rxc2 Rxc2 21. axb5 Qxd5 22. exd5 Nxb3 23. Rxa6 f6 24. b6 Nc5 25. Ra7 Bf8 26. Bxc5 dxc5 27. b7 Rb2 28. Nd2 Bd6 29. Nc4 Rb1+ 30. Kh2 Bb8 31. Ra8 Rxb7 32. d6 Kf7 33. Na5 Rb5 34. d7 Ke7 35. Nc6+ Kxd7 36. Nxb8+ Kc7 37. Ra7+ Kxb8 38. Rxg7 Rb7 39. Rg8+ Ka7 40. Rc8 Kb6 41. Kg3 Rc7 42. Rb8+ Kc6 43. Kf3 c4 44. Ke3 c3 45. Kd3 Kd5 46. Rd8+ Ke6 47. Kc2 Kf5 48. f3 Kf4 49. Rg8 f5 50. h5 e4 51. fxe4 fxe4 52. g4 e3 53. g5 e2 54. Re8 Kf3 55. g6 hxg6 56. hxg6 Kf2 57. Rf8+ Kg2 58. Re8 Kf1 59. Rf8+ Kg1 60. Re8 Kf2 61. Rf8+ Ke1 62. Re8 Rg7 63. Re6 Rc7 64. Rf6 Rc8 65. Rf7 Rg8 66. g7 1-0


[Site "https://www.chess.com"]

[Event "Titled Tuesday Blitz February 21 Early 2023"]
[White "Narayanan, Srinath"]
[Black "Malyi, Viacheslav"]
[WhiteFideId "5018420"]
[BlackFideId "14123983"]
[WhiteElo "2559"]
[BlackElo "2391"]
[Result "1-0"]
[Round "03"]
[TimeControl "180+2"]
[Date "2023.02.21"]
[WhiteClock "0:00:35"]
[BlackClock "0:01:23"]

1. Nf3 Nf6 2. c4 c5 3. g3 g6 4. Bg2 Bg7 5. O-O O-O 6. d4 cxd4 7. Nxd4 Nc6 8. Nc3 Nxd4 9. Qxd4 d6 10. Qd3 Qa5 11. h3 Be6 12. Bd2 Qa6 13. b3 Rfc8 14. Rac1 Rab8 15. a4 Qb6 16. Nb5 a6 17. a5 Qd8 18. Nd4 Bd7 19. Be3 Bc6 20. Nxc6 bxc6 21. Bb6 Qe8 22. c5 d5 23. Qxa6 Ra8 24. Qd3 Nd7 25. b4 Ne5 26. Qb3 Nc4 27. Rxc4 dxc4 28. Qxc4 Qd7 29. a6 Qd2 30. b5 cxb5 31. Qxb5 Qa2 32. Bxa8 Rxa8 33. a7 Bd4 34. Qd7 e5 35. Qb7 Rf8 36. e3 1-0


[Site "https://www.chess.com"]

[Event "Titled Tuesday Blitz February 21 Early 2023"]
[White "Kamsky, Gata"]
[Black "Jeet, Jain"]
[WhiteFideId "2000024"]
[BlackFideId "5073022"]
[WhiteElo "2665"]
[BlackElo "2199"]
[Result "0-1"]
[Round "03"]
[TimeControl "180+2"]
[Date "2023.02.21"]
[WhiteClock "0:00:02"]
[BlackClock "0:00:16"]

1. e4 c6 2. d3 d5 3. Nf3 Bg4 4. Nbd2 e6 5. h3 Bxf3 6. Nxf3 Nd7 7. e5 c5 8. c3 Ne7 9. d4 Nc6 10. a3 a5 11. Bb5 Qb6 12. a4 Be7 13. O-O O-O 14. Be3 Rfd8 15. h4 cxd4 16. cxd4 Nb4 17. Rc1 Nf8 18. h5 Rac8 19. Rc3 Rc7 20. Qb1 h6 21. Rfc1 Rdc8 22. g3 Na6 23. Kg2 Bb4 24. Rxc7 Rxc7 25. Ng1 Rxc1 26. Qxc1 Nc7 27. Bd3 Qc6 28. Qd1 b5 29. axb5 Nxb5 30. Nf3 Nc7 31. Qc2 Qxc2 32. Bxc2 Nd7 33. b3 Nb6 34. Bd3 a4 35. bxa4 Nxa4 36. g4 Nb6 37. Ng1 Nd7 38. Ne2 Bf8 39. f4 f6 40. Bg6 Be7 41. Kf3 Nb6 42. f5 Nc4 43. Bf4 Nb5 44. fxe6 fxe5 45. dxe5 Kf8 46. Bf5 Bd8 47. Bg3 Bg5 48. Be1 Be7 49. Nf4 Ke8 50. Nxd5 Nxe5+ 51. Ke4 Nc6 52. Bg6+ Kf8 53. Nc3 Nd6+ 54. Kd5 Nb4+ 55. Ke5 Nc6+ 56. Kf4 Nd4 57. Bf5 Bf6 58. Nd5 Nc6 59. Bd2 Bg5+ 60. Kf3 Bxd2 61. Nb6 Nd4+ 62. Kf2 N4xf5 63. gxf5 Nxf5 64. Nd5 Bg5 65. Kg2 Nd4 66. e7+ Bxe7 67. Kg3 Bg5 68. Kg4 Ne6 69. Nc3 Kf7 70. Ne4 Be7 71. Kf5 Nf8 72. Nf2 Nh7 73. Nd3 Bd6 74. Kg4 Nf6+ 75. Kh4 Bc7 76. Nc5 Bd6 77. Nd3 Ke6 78. Nf2 Kf5 79. Nd3 Bf4 80. Nc5 Bg5+ 81. Kh3 Nxh5 0-1


[Site "https://www.chess.com"]

[Event "Titled Tuesday Blitz February 21 Early 2023"]
[White "Lymar, Vladislav"]
[Black "Yuan, Qingyu"]
[WhiteFideId "14162180"]
[BlackFideId "8609772"]
[WhiteElo "2119"]
[BlackElo "2373"]
[Result "0-1"]
[Round "03"]
[TimeControl "180+2"]
[Date "2023.02.21"]
[WhiteClock "0:00:06"]
[BlackClock "0:00:18"]

1. e4 e5 2. Nf3 Nc6 3. g3 Nf6 4. d3 d5 5. exd5 Nxd5 6. Bg2 Bd6 7. O-O O-O 8. Nc3 Nxc3 9. bxc3 Bf5 10. Rb1 Rb8 11. Nd2 Qd7 12. Re1 Rfe8 13. Nc4 Bg4 14. Qd2 h6 15. Ne3 Bh3 16. c4 Bxg2 17. Kxg2 Nd4 18. Bb2 c6 19. Bxd4 exd4 20. Nf1 b6 21. Rxe8+ Rxe8 22. Re1 a5 23. Rxe8+ Qxe8 24. Qd1 Bb4 25. g4 Qe6 26. Ng3 b5 27. cxb5 cxb5 28. Nf5 Qxa2 29. Qf3 Qe6 30. Nxd4 Qd7 31. Qa8+ Kh7 32. Qe4+ g6 33. Nc6 Bc3 34. h4 a4 35. h5 a3 36. hxg6+ fxg6 37. Ne7 Qd6 38. Qb7 Bg7 39. Nc8 Qe6 40. Qa8 a2 41. d4 Qxg4+ 42. Kh2 Qxc8 43. Qxc8 a1=Q 44. c3 b4 45. cxb4 Qxd4 46. Qb7 Qxf2+ 47. Kh1 h5 48. b5 Kh6 49. Qf7 Qxf7 0-1


[Site "https://www.chess.com"]

[Event "Titled Tuesday Blitz February 21 Early 2023"]
[White "Kilic, Eray"]
[Black "Migot, Tangi"]
[WhiteFideId "44517173"]
[BlackFideId "662445"]
[WhiteElo "2414"]
[BlackElo "2373"]
[Result "1-0"]
[Round "03"]
[TimeControl "180+2"]
[Date "2023.02.21"]
[WhiteClock "0:00:17"]
[BlackClock "0:00:18"]

1. d4 Nf6 2. Nc3 g6 3. e4 d6 4. f4 Na6 5. Nf3 c5 6. e5 dxe5 7. fxe5 Nd5 8. Bb5+ Bd7 9. Bxa6 Nxc3 10. bxc3 bxa6 11. O-O Bg7 12. Ng5 O-O 13. Be3 Bb5 14. Rf2 Qd5 15. a4 Bc4 16. Qg4 h6 17. Ne4 cxd4 18. cxd4 Rab8 19. h4 h5 20. Qf4 Rb2 21. Ng5 Qc6 22. c3 Rxf2 23. Qxf2 f6 24. Nf3 Bd5 25. exf6 Rxf6 26. Bg5 Rf5 27. Bd2 Bxf3 28. gxf3 Rxf3 29. Qg2 Qf6 30. Re1 Bf8 31. Re5 Rf5 32. Bg5 Qf7 33. Re2 Qc4 34. Bxe7 Kf7 35. Bxf8 Kxf8 36. Qa8+ Kg7 37. Re7+ Rf7 38. Rxf7+ Kxf7 39. Qxa7+ Kf6 40. Qb6+ Kf5 41. Qc5+ Qxc5 42. dxc5 Ke5 43. c4 Ke6 44. Kf2 Kd7 45. Ke3 Kc6 46. Kd4 a5 47. Kd3 Kxc5 48. Kc3 g5 49. hxg5 h4 50. g6 h3 51. g7 h2 52. g8=Q h1=Q 53. Qc8+ Kb6 54. Qb8+ Ka6 55. Qb5+ Ka7 56. Qxa5+ Kb7 57. Qd5+ Qxd5 58. cxd5 1-0


[Site "https://www.chess.com"]

[Event "Titled Tuesday Blitz February 21 Early 2023"]
[White "Ordekalog"]
[Black "Milikow, Yoav"]
[BlackFideId "2822237"]
[WhiteElo "2560"]
[BlackElo "2394"]
[Result "0-1"]
[Round "03"]
[TimeControl "180+2"]
[Date "2023.02.21"]
[WhiteClock "0:00:01"]
[BlackClock "0:00:32"]

1. d4 d5 2. c4 e6 3. Nc3 Bb4 4. e3 Nf6 5. Nf3 O-O 6. Bd2 b6 7. Rc1 c5 8. cxd5 exd5 9. Bd3 Bb7 10. O-O Nc6 11. dxc5 bxc5 12. a3 Ba5 13. Na4 Bxd2 14. Qxd2 c4 15. Bb1 Rb8 16. Nc5 Qb6 17. Nxb7 Qxb7 18. Rc2 Rfd8 19. Rd1 Ne4 20. Qe1 Qe7 21. Nd4 Ne5 22. Re2 Qf6 23. f3 Nc5 24. Qg3 Ned3 25. b4 Na4 26. Bxd3 cxd3 27. Rxd3 Rbc8 28. h4 Qa6 29. Nf5 Qf6 30. Nd4 Re8 31. Kh2 Nb6 32. Qg4 Nc4 33. Nf5 h5 34. Qg5 Qxg5 35. hxg5 Rcd8 36. e4 Ne5 37. Rd4 g6 38. Ng3 Nc6 39. Rxd5 h4 40. Nf1 Rxd5 41. exd5 Rxe2 42. dxc6 Rc2 0-1


[Site "https://www.chess.com"]

[Event "Titled Tuesday Blitz February 21 Early 2023"]
[White "Maatman, Nick"]
[Black "Schekachikhin, Maksim"]
[WhiteFideId "1040391"]
[BlackFideId "24177830"]
[WhiteElo "2345"]
[BlackElo "2371"]
[Result "0-1"]
[Round "03"]
[TimeControl "180+2"]
[Date "2023.02.21"]
[WhiteClock "0:00:04"]
[BlackClock "0:00:55"]

1. d4 Nf6 2. c4 e6 3. g3 d5 4. Nf3 Bb4+ 5. Nbd2 O-O 6. Bg2 b6 7. O-O Bb7 8. Ne5 a5 9. Qc2 c5 10. a3 Bxd2 11. Qxd2 Qc7 12. cxd5 Bxd5 13. Nf3 cxd4 14. Qxd4 Nc6 15. Qh4 Ne5 16. Bf4 Nxf3+ 17. exf3 Qb7 18. Rac1 Rfc8 19. Bg5 Bxf3 20. Bxf6 gxf6 21. Qg4+ Bxg4 22. Bxb7 Rxc1 23. Rxc1 Rd8 24. Rc2 Rd7 25. Ba6 Bf3 26. Be2 Be4 27. Rc8+ Kg7 28. Kf1 Rd2 29. b4 Ra2 30. f3 Bd5 31. bxa5 bxa5 32. Rc3 a4 33. Kf2 Bb3 0-1


[Site "https://www.chess.com"]

[Event "Titled Tuesday Blitz February 21 Early 2023"]
[White "Potapova, Margarita"]
[Black "Cherniaiev, Tykhon"]
[WhiteFideId "14126869"]
[BlackFideId "14182360"]
[WhiteElo "2104"]
[BlackElo "2330"]
[Result "1-0"]
[Round "03"]
[TimeControl "180+2"]
[Date "2023.02.21"]
[WhiteClock "0:00:23"]
[BlackClock "0:00:16"]

1. d4 Nf6 2. c4 e6 3. Nc3 d5 4. Nf3 Be7 5. Bf4 O-O 6. e3 c5 7. dxc5 Bxc5 8. cxd5 exd5 9. Be2 Nc6 10. O-O a6 11. h3 d4 12. Na4 Ba7 13. exd4 Nxd4 14. Nxd4 Bxd4 15. Rc1 Be6 16. Nc5 Bxc5 17. Rxc5 Qb6 18. Qd6 Qxb2 19. Bf3 Rfd8 20. Qe5 Qxe5 21. Rxe5 Rd7 22. Rb1 Nd5 23. Bg3 Rad8 24. a3 b5 25. Kh2 h6 26. Rd1 Nb6 27. Rxd7 Rxd7 28. Rc5 Nc4 29. Rc6 a5 30. Be4 f5 31. Bf3 Bf7 32. Ra6 Bd5 33. Bh5 Bf7 34. Bf3 Bd5 35. Bh5 Nd2 36. Be2 Ne4 37. Bxb5 Rb7 38. Rxa5 Nxg3 39. Kxg3 Rc7 40. f3 Rc2 41. Bd3 Bb3 42. Bxc2 Bxc2 43. Rc5 Bd3 44. a4 Kf7 45. a5 g5 46. Rc6 f4+ 47. Kf2 h5 48. a6 Bb5 49. Rb6 Bc4 50. a7 Bd5 51. Rb8 g4 52. hxg4 hxg4 53. fxg4 Kg6 54. a8=Q Bxa8 55. Rxa8 Kg5 56. Rg8+ Kh4 57. g5 Kg4 58. g6 Kg5 59. Kf3 Kf5 60. Rf8+ Kxg6 61. Rxf4 Kg5 62. Rg4+ Kh5 63. Ra4 Kh6 64. g4 Kg5 65. Kg3 Kg6 66. Kf4 Kh6 67. Ra6+ Kg7 68. g5 Kh7 69. Kf5 Kg7 70. Ra7+ Kf8 71. Kf6 Kg8 72. g6 Kf8 73. Ra8# 1-0


[Site "https://www.chess.com"]

[Event "Titled Tuesday Blitz February 21 Early 2023"]
[White "Bews, Steven"]
[Black "Papasimakopoulos, Alexandros"]
[WhiteFideId "2400529"]
[BlackFideId "4244125"]
[WhiteElo "2295"]
[BlackElo "2401"]
[Result "0-1"]
[Round "03"]
[TimeControl "180+2"]
[Date "2023.02.21"]
[WhiteClock "0:00:19"]
[BlackClock "0:00:20"]

1. e4 e6 2. d4 d5 3. Nd2 Nf6 4. e5 Nfd7 5. Bd3 c5 6. c3 Nc6 7. Ne2 cxd4 8. cxd4 f6 9. exf6 Nxf6 10. O-O Bd6 11. Nf3 Qc7 12. Bg5 O-O 13. Rc1 h6 14. Bh4 Nh5 15. Bg3 Nxg3 16. hxg3 Bd7 17. Bb1 Be8 18. Qd3 g5 19. Qe3 Rf6 20. Nh2 Bh5 21. Nc3 a6 22. Bd3 Qb6 23. Be2 Bxe2 24. Nxe2 Raf8 25. Ng4 Rg6 26. Qd3 Kg7 27. b3 h5 28. Ne3 Rgf6 29. Rcd1 g4 30. Nc2 Qd8 31. Qe3 Qe8 32. Ne1 Ne7 33. Nd3 Ng6 34. Rc1 h4 35. gxh4 Nxh4 36. Ne5 Qh5 37. Ng3 Qh6 38. Qxh6+ Rxh6 39. Nxg4 Rg6 40. Ne5 Rg5 41. Rfe1 Rf4 42. Nd7 Rxd4 43. Rxe6 Bxg3 44. fxg3 Rxg3 45. Rf1 Rxg2+ 46. Kh1 Re4 47. Rxe4 dxe4 48. Rf5 Rd2 49. Rg5+ Kh6 50. Rg3 Rxd7 0-1


[Site "https://www.chess.com"]

[Event "Titled Tuesday Blitz February 21 Early 2023"]
[White "Vaibhav Jayant Raut"]
[Black "Prestia, Paris"]
[WhiteFideId "5089034"]
[BlackFideId "30925959"]
[WhiteElo "2237"]
[BlackElo "2059"]
[Result "1-0"]
[Round "03"]
[TimeControl "180+2"]
[Date "2023.02.21"]
[WhiteClock "0:00:05"]
[BlackClock "0:00:18"]

1. d4 b6 2. e4 Bb7 3. Nc3 e6 4. a3 Nf6 5. Bd3 c5 6. Nge2 cxd4 7. Nxd4 Nc6 8. Be3 Bc5 9. Nxc6 Bxc6 10. Bxc5 bxc5 11. e5 Nd5 12. Ne4 O-O 13. Qd2 Qb6 14. c4 Ne7 15. O-O Nf5 16. Ng5 h6 17. Bxf5 exf5 18. Nh3 Rab8 19. Rab1 Be4 20. Ra1 Qxb2 21. Qxd7 Qxe5 22. Qxa7 Ra8 23. Qd7 Rfd8 24. Qb5 Rdb8 25. Qd7 Qc3 26. Nf4 Qxc4 27. Rac1 Qd4 28. Qc7 Rc8 29. Qb6 Rxa3 30. Ne2 Qe5 31. Ng3 Rc3 32. Rce1 Rc2 33. Qb3 Qc3 34. Qxc3 Rxc3 35. Nxe4 fxe4 36. Rxe4 Rc2 37. Rfe1 Kh7 38. g3 Rd8 39. Re7 Kg6 40. Rc7 Rdd2 41. Rf1 c4 42. Kg2 h5 43. h4 f6 44. Kf3 Rd3+ 45. Kg2 c3 46. Rc4 Rdd2 47. Kf3 Rd3+ 48. Kg2 Rd5 49. Re1 Kf5 50. Re3 Rdd2 51. Rf3+ Kg6 52. Rcxc3 Rxf2+ 53. Rxf2 Rxc3 54. Ra2 Rc5 55. Rb2 Rf5 56. Rd2 Re5 57. Ra2 Kf5 58. Rb2 g6 59. Rf2+ Ke6 60. Rc2 Re4 61. Rc6+ Kf5 62. Rc2 Kg4 63. Rf2 f5 64. Ra2 Rb4 65. Rf2 g5 66. hxg5 Kxg5 67. Kh3 Rb3 68. Rf4 Re3 69. Ra4 Re4 70. Ra8 Rb4 71. Rg8+ Kf6 72. Rf8+ Kg6 73. Rg8+ Kf7 74. Rh8 Kg6 75. Rg8+ Kh6 76. Rf8 Rb5 77. Kh4 Rb4+ 78. Kh3 Kg5 79. Rg8+ Kf6 80. Rh8 Rb7 81. Rxh5 Rg7 82. Rh6+ Ke5 83. Ra6 Ke4 84. Ra4+ Kf3 85. Rf4+ Ke3 86. Rxf5 Ke4 87. Rf1 Ke5 88. g4 Ke6 89. Kh4 Ke7 90. g5 Rh7+ 91. Kg4 Rh2 92. Rf3 Rg2+ 93. Kf5 Rh2 94. Kg6 Rh8 95. Kg7 Rh2 96. Re3+ Kd6 97. g6 Kd7 98. Kf8 Rf2+ 99. Kg8 Rg2 100. g7 Rg4 101. Rh3 Ke8 102. Kh8 Kf7 103. Rf3+ Ke7 104. g8=Q Rh4+ 105. Qh7+ Rxh7+ 106. Kxh7 1-0


[Site "https://www.chess.com"]

[Event "Titled Tuesday Blitz February 21 Early 2023"]
[White "Delorme, Axel"]
[Black "Sadubayev, Airat"]
[WhiteFideId "632023"]
[BlackFideId "13713264"]
[WhiteElo "2483"]
[BlackElo "2320"]
[Result "0-1"]
[Round "03"]
[TimeControl "180+2"]
[Date "2023.02.21"]
[WhiteClock "0:00:08"]
[BlackClock "0:00:11"]

1. e4 c5 2. Nf3 Nc6 3. Bb5 g6 4. O-O Bg7 5. c3 d5 6. e5 Bg4 7. d4 Qb6 8. Bxc6+ Qxc6 9. Be3 Nh6 10. dxc5 Nf5 11. Bd4 O-O 12. Nbd2 b6 13. cxb6 axb6 14. h3 Bxf3 15. Nxf3 Ra4 16. Qd2 Rfa8 17. a3 e6 18. Rac1 Bf8 19. g4 Ne7 20. Qg5 Qc7 21. Rfd1 Nc6 22. Qe3 Qb7 23. h4 Na5 24. h5 Nc4 25. Qe2 R4a6 26. Kg2 Bh6 27. g5 Bg7 28. Nh2 Ra5 29. hxg6 hxg6 30. Ng4 Rb5 31. Rc2 Rba5 32. Rh1 Kf8 33. Nf6 R5a6 34. Rh7 Qc7 35. Rc1 Ra5 36. Rch1 R5a7 37. Qe1 Rb8 38. f4 Rba8 39. Qh4 Bxf6 40. gxf6 Ke8 41. Rh8+ Kd7 42. Qh7 Kc6 43. Rxa8 Rxa8 44. Qg7 Nxb2 45. Rh7 Ra7 46. Qxf7 Qxf7 47. Rxf7 Rxf7 0-1


[Site "https://www.chess.com"]

[Event "Titled Tuesday Blitz February 21 Early 2023"]
[White "Aldokhin, Ivan"]
[Black "Gamage, Wanshini Vidusama"]
[WhiteFideId "24115720"]
[BlackFideId "9953752"]
[WhiteElo "2413"]
[BlackElo "1089"]
[Result "1-0"]
[Round "03"]
[TimeControl "180+2"]
[Date "2023.02.21"]
[WhiteClock "0:01:10"]
[BlackClock "0:02:13"]

1. e4 c5 2. Nf3 d6 3. d4 cxd4 4. Nxd4 Nf6 5. Nc3 a6 6. Bc4 e6 7. Bb3 b5 8. O-O Be7 9. Qf3 Qb6 10. Be3 Qb7 11. Qg3 b4 12. Na4 Nbd7 13. f3 O-O 14. c4 bxc3 15. Nxc3 Nc5 16. Rad1 Nxb3 17. Nxb3 e5 18. Nd5 Nxd5 19. exd5 f5 20. f4 e4 21. Na5 Qxb2 22. Bd4 1-0


[Site "https://www.chess.com"]

[Event "Titled Tuesday Blitz February 21 Early 2023"]
[White "Kouskoutis, Georgios-Alexandros"]
[Black "Nihal Sarin"]
[WhiteFideId "4234049"]
[BlackFideId "25092340"]
[WhiteElo "2295"]
[BlackElo "2673"]
[Result "1-0"]
[Round "03"]
[TimeControl "180+2"]
[Date "2023.02.21"]
[WhiteClock "0:02:41"]
[BlackClock "0:02:27"]

1. c4 Nf6 2. g3 e6 3. Bg2 d5 4. Nf3 Be7 5. O-O O-O 6. b3 b6 7. cxd5 exd5 8. d4 Bb7 9. Bb2 Nbd7 10. Nc3 Re8 11. e3 1-0


[Site "https://www.chess.com"]

[Event "Titled Tuesday Blitz February 21 Early 2023"]
[White "Pranav, V"]
[Black "Perera Alfonso, Rene Humberto"]
[WhiteFideId "25060783"]
[BlackFideId "3514722"]
[WhiteElo "2597"]
[BlackElo "2320"]
[Result "1-0"]
[Round "03"]
[TimeControl "180+2"]
[Date "2023.02.21"]
[WhiteClock "0:02:02"]
[BlackClock "0:01:24"]

1. e4 c5 2. Nf3 d6 3. d4 cxd4 4. Nxd4 Nf6 5. Nc3 g6 6. Be3 Bg7 7. f3 O-O 8. Bc4 Nc6 9. Qd2 Bd7 10. O-O-O Rc8 11. Bb3 Nxd4 12. Bxd4 b5 13. Nd5 Nxd5 14. Bxg7 Kxg7 15. exd5 a5 16. c3 a4 17. Bc2 b4 18. Qd4+ Kg8 19. Qxb4 Rb8 20. Qd4 Qa5 21. Rd2 Rb6 22. Re1 e5 23. dxe6 Bxe6 24. Qxa4 Qg5 25. f4 Qc5 26. f5 Bxf5 27. Qd4 Bxc2 28. Qxc5 dxc5 29. Kxc2 Ra8 30. Kb1 h5 31. Re5 1-0


[Site "https://www.chess.com"]

[Event "Titled Tuesday Blitz February 21 Early 2023"]
[White "Bluebaum, Matthias"]
[Black "Reprintsev, Alexander"]
[WhiteFideId "24651516"]
[BlackFideId "14100541"]
[WhiteElo "2669"]
[BlackElo "2253"]
[Result "1-0"]
[Round "03"]
[TimeControl "180+2"]
[Date "2023.02.21"]
[WhiteClock "0:01:27"]
[BlackClock "0:02:23"]

1. d4 d5 2. c4 e5 3. dxe5 d4 4. Nf3 Nc6 5. a3 g6 6. e3 Bg4 7. Be2 Bxf3 8. Bxf3 Nge7 9. O-O Bg7 10. exd4 Qxd4 11. Nc3 Qxc4 12. Re1 Rd8 13. Qc2 Nd4 14. Qe4 Nxf3+ 15. Qxf3 c6 16. Bg5 Qe6 17. Ne4 O-O 18. Nf6+ Kh8 19. Qf4 Nd5 20. Qh4 Nxf6 21. exf6 1-0


[Site "https://www.chess.com"]

[Event "Titled Tuesday Blitz February 21 Early 2023"]
[White "Zochowski, Kacper"]
[Black "Deac, Bogdan-Daniel"]
[WhiteFideId "1125494"]
[BlackFideId "1226380"]
[WhiteElo "2262"]
[BlackElo "2700"]
[Result "0-1"]
[Round "03"]
[TimeControl "180+2"]
[Date "2023.02.21"]
[WhiteClock "0:00:04"]
[BlackClock "0:00:04"]

1. Nf3 b6 2. g3 Bb7 3. Bg2 g6 4. c4 c5 5. Nc3 Bg7 6. b3 Nf6 7. Bb2 O-O 8. O-O d6 9. d4 cxd4 10. Nxd4 Bxg2 11. Kxg2 Qc7 12. f3 Qb7 13. e4 Re8 14. Nd5 Nbd7 15. Rc1 a6 16. Qe2 e6 17. Nxf6+ Bxf6 18. a4 d5 19. Rfe1 dxe4 20. Qxe4 Qxe4 21. Rxe4 Nc5 22. Re3 Rad8 23. Rd1 e5 24. Rde1 Rd6 25. R1e2 Rc8 26. Nc2 a5 27. Na3 Bg7 28. Nb5 Rd7 29. Bxe5 Bxe5 30. Rxe5 Nxb3 31. Re8+ Rxe8 32. Rxe8+ Kg7 33. Rb8 Rd2+ 34. Kh3 Ra2 35. Rxb6 Rxa4 36. Rc6 Rb4 37. Nd6 Kf8 38. Rc7 a4 39. c5 a3 40. c6 Rb6 41. Rc8+ Ke7 42. Nc4 Ra6 43. c7 Kd7 44. Rb8 Kxc7 45. Rxb3 a2 46. Ra3 Rxa3 47. Nxa3 a1=Q 48. Nb5+ Kd7 0-1


[Site "https://www.chess.com"]